 Dungeon Crawl Stone Soup version 0.26.1-11-gd32895ea62 (webtiles) character file.

Game seed: 13844180714760043243

23296 hawla the Destroyer (level 12, -6/68 HPs)
             Began as a Deep Elf Conjurer on June 3, 2021.
             Was a High Priest of Vehumet.
             Shot with an arrow by a centaur warrior (21 damage)
             ... on level 14 of the Dungeon.
             The game lasted 00:52:45 (19508 turns).

hawla the Destroyer (Deep Elf Conjurer)            Turns: 19508, Time: 00:52:46

Health: -6/68      AC: 12    Str:  4    XL:     12   Next: 70%
Magic:  21/28      EV: 14    Int: 35    God:    Vehumet [*****.]
Gold:   661        SH:  2    Dex: 13    Spells: 15/31 levels left

rFire    . . .     SeeInvis .   i - staff of poison
rCold    . . .     Faith    .   C - -2 buckler (curse)
rNeg     . . .     Spirit   .   E - +3 steam dragon scales
rPois    +         Reflect  .   r - +2 hat
rElec    .         Harm     .   H - +0 cloak
rCorr    .         Rampage  .   B - +0 pair of gloves
Will     +....                  (no boots)
Stlth    ++........             D - amulet of magic regeneration
HPRegen  0.21/turn              h - +6 ring of intelligence
MPRegen  0.46/turn              w - ring of poison resistance

@: attractive
A: no striking features
a: Renounce Religion


You were on level 14 of the Dungeon.
You worshipped Vehumet.
Vehumet was extremely pleased with you.
You visited 2 branches of the dungeon, and saw 15 of its levels.

You collected 661 gold pieces.

Inventory:

Hand Weapons
 y - a +3 dagger of distortion
Missiles
 e - 7 poisoned darts (quivered)
 g - 7 boomerangs
 t - 7 atropa-tipped darts
 v - 8 datura-tipped darts
 A - 6 curare-tipped darts
Armour
 r - a +2 hat (worn)
 B - a +0 pair of gloves (worn)
 C - a cursed -2 buckler (worn)
 E - +3 steam dragon scales (worn)
 H - a +0 cloak (worn)
Magical Staves
 i - an uncursed staff of poison (weapon)
Jewellery
 h - a +6 ring of intelligence (left hand)
 m - an uncursed ring of stealth {unknown}
 o - an uncursed ring of flight
 w - a ring of poison resistance (right hand)
 D - an amulet of magic regeneration (around neck)
 M - an uncursed ring of positive energy {unknown}
Wands
 f - a wand of flame (27)
 j - a wand of enslavement (22)
 p - a wand of paralysis (11)
Scrolls
 b - 6 scrolls of enchant weapon
 d - 2 scrolls of teleportation
 q - 5 scrolls of amnesia
 s - a scroll of remove curse
 x - 2 scrolls of identify
 K - a scroll of fear
Potions
 c - 5 potions of curing
 k - 2 potions of cancellation
 l - a potion of magic
 n - 3 potions of brilliance
 u - 2 potions of flight
 z - 2 potions of haste
 F - 2 potions of attraction
 G - a potion of berserk rage
 I - a potion of might


   Skills:
 - Level 5.0 Fighting
 + Level 8.6 Staves
 - Level 3.0 Throwing
 - Level 5.0 Dodging
 - Level 4.0 Stealth
 - Level 3.0 Shields
 - Level 10.0 Spellcasting
 + Level 14.2 Conjurations
 - Level 6.0 Translocations
 - Level 1.0 Transmutations
 - Level 7.0 Fire Magic
 - Level 3.0 Poison Magic
 - Level 3.0 Evocations


You had 15 spell levels left.
You knew the following spells:

 Your Spells              Type           Power        Failure   Level
a - Magic Dart            Conj           100%         0%          1
b - Searing Ray           Conj           100%         0%          2
c - Iskenderun's Mystic   Conj/Tloc      73%          1%          4
d - Blink                 Tloc           N/A          1%          2
e - Teleport Other        Tloc           56%          1%          3
f - Olgreb's Toxic Radia  Pois           55%          2%          4

Your spell library contained the following spells:

 Spells                   Type           Power        Failure   Level
 Ozocubu's Refrigeration  Ice            8%           67%         6
 Dazzling Flash           Conj/Hex       100%         1%          3
 Gell's Gravitas          Tloc           28%          1%          3
 Lesser Beckoning         Tloc           28%          1%          3
 Fulminant Prism          Conj/Hex       30%          1%          4
 Passage of Golubria      Tloc           N/A          2%          4
 Corpse Rot               Necr/Air       N/A          4%          2
 Sublimation of Blood     Necr           8%           4%          2
 Dispel Undead            Necr           17%          26%         4
 Agony                    Necr           17%          58%         5
 Excruciating Wounds      Necr           8%           58%         5


Dungeon Overview and Level Annotations

Branches:
Dungeon (14/15)            Temple (1/1) D:6            Lair (0/6) D:11
    Orc (0/2) D:9
 Vaults: D:13-14

Altars:
Ashenzari
Cheibriados
Dithmenos
Elyvilon
Fedhas
Gozag
Hepliaklqana
Kikubaaqudgha
Makhleb
Nemelex Xobeh
Okawaru
Qazlal
Ru
Sif Muna
Trog
Uskayaw
Vehumet
Wu Jian
Xom
Yredelemnul
Zin
The Shining One
Beogh

Annotations:
D:11 3 runed translucent doors, Hubris850's ghost, journeyman GrGl; Tirrikindir's ghost, journeyman TrBe; fernweh's ghost, journeyman DsCK


Message History

You feel your power returning.
The mystic blast hits the centaur!
The centaur is severely wounded.
The centaur is knocked back by the mystic blast.
The mystic blast hits the centaur!!
You kill the centaur!
Vehumet accepts your kill.
The centaur warrior looks as sick as possible!
The centaur looks as sick as possible!
Your toxic aura wanes.
The centaur warrior shoots an arrow.
The arrow closely misses you.
The centaur wields a +0 shortbow.
The centaur shoots an arrow.
The arrow closely misses you.
The centaur shoots an arrow.
The arrow hits you!
* * * LOW HITPOINT WARNING * * *
The centaur warrior shoots an arrow.
The arrow misses you.
It was a potion of attraction.
You feel attractive to monsters.
The centaur shoots an arrow.
The arrow hits you but does no damage.
The centaur shoots an arrow.
The arrow misses you.
The centaur warrior shoots an arrow.
The arrow hits you!!
You die...

+....#
#....#
#c...#
#..c)#
.(..
#).)c#
...#
#....##
...#
...#.....#
(..#
.......@.#
...#
#######((#
...# ..Z..
#(## ...#
.....!#.#
...#
...Z..#(#
...#.
.._...^.#
...#.
....(.#.##
...#..
......#..#
...#...
..... #..#


You could see a centaur warrior (extremely poisoned) and 2 centaurs.

Vanquished Creatures
  5 boulder beetles
  3 two-headed ogres
  2 centaur warriors (D:13)
  A fire crab (shapeshifter) (D:12)
  Pikel (D:4)
  A wolf spider zombie (D:13)
  An ugly thing (D:10)
  3 manticores (D:11)
  A cyclops (D:11)
  Joseph (D:9)
  Psyche (D:10)
  A centaur zombie (D:9)
  A gargoyle (D:12)
  Maggie (D:6)
  A komodo dragon (D:11)
  2 trolls (D:12)
  3 meliai (D:9)
  Prince Ribbit (D:8)
  16 yaks
  A wraith (D:13)
  A wyvern (D:10)
  A steam dragon (D:10)
  Edmund (D:4)
  A soldier ant (D:11)
  2 water moccasins
  3 sky beasts
  2 black bears
  2 ice beasts (D:12)
  9 orc warriors
  A phantom (D:11)
  7 ogres
  2 eyes of draining
  15 centaurs
  A lemure (D:4)
  3 big kobolds
  8 bullfrogs
  A wyvern skeleton (D:13)
  9 scorpions
  A water moccasin skeleton (D:10)
  5 killer bees (D:13)
  2 howler monkeys
  13 wights
  An electric eel (D:6)
  2 quasits (D:11)
  A bullfrog zombie (D:13)
  2 hounds (D:11)
  8 orc wizards
  3 centaur skeletons
  A jelly (D:13)
  10 orc priests
  7 bullfrog skeletons
  2 iguanas
  4 worker ants
  2 hound skeletons
  3 gnolls (D:6)
  4 adders
  A shadow imp (D:10)
  2 white imps
  2 ufetubi
  An ooze (D:3)
  An adder zombie (D:8)
  An adder skeleton (D:4)
  3 worms
  3 dart slugs
  5 leopard geckos
  49 orcs
  4 ball pythons
  4 giant cockroaches
  7 goblins
  6 hobgoblins
  6 jackals
  25 kobolds
  6 quokkas
  6 bats
  7 frilled lizards
  2 leopard gecko skeletons
  A leopard gecko zombie (D:6)
  5 rats
334 creatures vanquished.

Vanquished Creatures (others)
  43 plants
43 creatures vanquished.

Grand Total: 377 creatures vanquished

Notes
Turn   | Place    | Note
-------+----------+-------------------------------------------
     0 | D:1      | hawla the Deep Elf Conjurer began the quest for the Orb.
     0 | D:1      | Reached XP level 1. HP: 10/10 MP: 6/6
     5 | D:1      | Noticed an electric eel
   335 | D:1      | Reached XP level 2. HP: 12/16 MP: 6/8
   338 | D:1      | Learned a level 2 spell: Searing Ray
   730 | D:1      | Reached skill level 1 in Translocations
  1024 | D:1      | Reached XP level 3. HP: 20/20 MP: 6/9
  1486 | D:2      | Reached skill level 1 in Fighting
  2235 | D:3      | Reached skill level 5 in Conjurations
  2236 | D:3      | Reached XP level 4. HP: 18/25 MP: 6/11
  2242 | D:3      | Learned a level 4 spell: Iskenderun's Mystic Blast
  3047 | D:4      | Noticed an ogre
  3050 | D:4      | Reached XP level 5. HP: 29/29 MP: 10/14
  3054 | D:4      | Killed an ogre
  3055 | D:4      | Reached skill level 5 in Spellcasting
  3055 | D:4      | Reached skill level 6 in Conjurations
  3460 | D:4      | Noticed Edmund
  3482 | D:4      | Reached XP level 6. HP: 21/34 MP: 0/15
  4009 | D:4      | Killed Edmund
  4010 | D:4      | Reached skill level 7 in Conjurations
  4273 | D:4      | Noticed Pikel
  4294 | D:4      | Killed Pikel
  4295 | D:4      | Reached skill level 1 in Staves
  4295 | D:4      | Reached XP level 7. HP: 15/39 MP: 0/17
  4777 | D:5      | Entered Level 5 of the Dungeon
  4789 | D:5      | Found an ancient bone altar of Kikubaaqudgha.
  4905 | D:5      | Reached XP level 8. HP: 44/44 MP: 11/18
  5242 | D:5      | Found a sparkling altar of Nemelex Xobeh.
  5783 | D:6      | Found an iron altar of Okawaru.
  5856 | D:6      | Noticed Maggie
  6158 | D:6      | Found a staircase to the Ecumenical Temple.
  6168 | Temple   | Entered the Ecumenical Temple
  6487 | Temple   | Became a worshipper of Vehumet
  6532 | D:6      | Found a sacrificial altar of Ru.
  6939 | D:6      | Reached skill level 8 in Conjurations
  7139 | D:6      | Reached skill level 5 in Translocations
  8370 | D:6      | Killed Maggie
  8371 | D:6      | Reached skill level 9 in Conjurations
  8371 | D:6      | Reached XP level 9. HP: 27/48 MP: 8/21
  9219 | D:7      | Found a hazy altar of Hepliaklqana.
  9471 | D:7      | Found a basalt altar of Yredelemnul.
  9477 | D:7      | Found a shimmering blue altar of Sif Muna.
  9482 | D:7      | Found an iron altar of Okawaru.
  9791 | D:8      | Reached skill level 10 in Conjurations
  9949 | D:8      | Noticed Prince Ribbit
  9956 | D:8      | Killed Prince Ribbit
  9957 | D:8      | Reached skill level 1 in Throwing
  9957 | D:8      | Reached skill level 1 in Transmutations
  9957 | D:8      | Reached skill level 1 in Fire Magic
  9985 | D:8      | Reached * piety under Vehumet
  9985 | D:8      | Offered knowledge of Shock by Vehumet.
 10943 | D:9      | Reached XP level 10. HP: 54/56 MP: 10/24
 10945 | D:9      | Reached skill level 5 in Dodging
 10947 | D:9      | Reached skill level 5 in Staves
 11495 | D:9      | Offered knowledge of Sandblast by Vehumet.
 11503 | D:9      | Reached ** piety under Vehumet
 11531 | D:9      | Found a staircase to the Orcish Mines.
 11536 | D:9      | Found a roughly hewn altar of Beogh.
 11750 | D:9      | Found a glowing golden altar of the Shining One.
 11750 | D:9      | Found a burning altar of Makhleb.
 11859 | D:9      | Found a broken altar of Ashenzari.
 12541 | D:9      | Noticed Joseph
 12568 | D:9      | Killed Joseph
 13395 | D:10     | Entered Level 10 of the Dungeon
 13558 | D:10     | Noticed a brown ugly thing
 13558 | D:10     | Noticed a two-headed ogre
 13563 | D:10     | Killed a brown ugly thing
 13563 | D:10     | Killed a two-headed ogre
 13564 | D:10     | Reached skill level 11 in Conjurations
 13564 | D:10     | Reached XP level 11. HP: 61/61 MP: 5/26
 13716 | D:10     | Offered knowledge of Inner Flame by Vehumet.
 14052 | D:10     | Noticed Psyche
 14058 | D:10     | Killed Psyche
 14460 | D:10     | Reached *** piety under Vehumet
 14469 | D:10     | Reached skill level 12 in Conjurations
 14663 | D:11     | Noticed a boulder beetle
 14677 | D:11     | Killed a boulder beetle
 14857 | D:11     | Noticed a boulder beetle
 14869 | D:11     | Killed a boulder beetle
 14870 | D:11     | Reached skill level 13 in Conjurations
 15220 | D:11     | Found a hide-covered altar of Uskayaw.
 15250 | D:11     | Offered knowledge of Sticky Flame by Vehumet.
 15539 | D:11     | Reached skill level 1 in Shields
 15817 | D:11     | Learned a level 2 spell: Blink
 15822 | D:11     | Learned a level 3 spell: Teleport Other
 16338 | D:11     | Found a runed translucent gate.
 16338 | D:11     | Found a runed translucent gate.
 16341 | D:11     | Found a runed translucent gate.
 16343 | D:11     | Noticed Hubris850's ghost (journeyman GrGl)
 16343 | D:11     | Noticed Tirrikindir's ghost (journeyman TrBe)
 16343 | D:11     | Noticed fernweh's ghost (journeyman DsCK)
 16467 | D:11     | Found a staircase to the Lair.
 17072 | D:12     | Noticed a fire crab
 17100 | D:12     | Killed a fire crab
 17101 | D:12     | Reached skill level 5 in Fire Magic
 17106 | D:12     | Noticed a two-headed ogre
 17115 | D:12     | Killed a two-headed ogre
 17115 | D:12     | Reached **** piety under Vehumet
 17245 | D:12     | Offered knowledge of Olgreb's Toxic Radiance by Vehumet.
 17262 | D:12     | Reached XP level 12. HP: 67/67 MP: 7/27
 17525 | D:13     | Noticed a centaur warrior
 17533 | D:13     | Killed a centaur warrior
 17534 | D:13     | Reached skill level 10 in Spellcasting
 17698 | D:13     | Noticed a centaur warrior
 17715 | D:13     | Killed a centaur warrior
 17716 | D:13     | Reached skill level 5 in Fighting
 17942 | D:13     | Noticed a boulder beetle
 17953 | D:13     | Killed a boulder beetle
 18109 | D:13     | Noticed a boulder beetle
 18124 | D:13     | Killed a boulder beetle
 18716 | D:12     | Learned a level 4 spell: Olgreb's Toxic Radiance
 18803 | D:13     | Noticed a boulder beetle
 18813 | D:13     | Killed a boulder beetle
 18813 | D:13     | Reached ***** piety under Vehumet
 18954 | D:13     | Noticed a two-headed ogre
 18963 | D:13     | Killed a two-headed ogre
 18964 | D:13     | Reached skill level 14 in Conjurations
 19291 | D:14     | Offered knowledge of Ozocubu's Refrigeration by Vehumet.
 19498 | D:14     | Found a blossoming altar of Fedhas.
 19502 | D:14     | Noticed a centaur warrior
 19508 | D:14     | Shot with an arrow by a centaur warrior

Illustrated notes

Levels and vault maps discovered:
D:1:      arrival_aquarium_a, layout_loops_cross
D:2:      layout_rooms, serial_park_tiny_2, chequers_serial_rivers_room_b,
          minmay_pentomino_v2
D:3:      layout_basic
D:4:      layout_layer_cave, uniq_edmund, uniq_pikel
D:5:      layout_loops_ring, kiku_gazebo_pond_becter,
          nemelex_xobeh_ov_fountains_minmay
D:6:      layout_gridville, nicolae_ru_great_annihilating_truth,
          minmay_temple_entry_sparse_star, chequers_big_river,
          okawaru_gym_becter, uniq_maggie
D:7:      layout_rooms, minmay_overflow_temple_star_quad, basic_altar
D:8:      layout_gridville, uniq_prince_ribbit1
D:9:      layout_stronghold, ashenzari_altar_1, gammafunk_temple_overflow_wave,
          minmay_orc_entry_temple_small, corexii_corridor_pit, uniq_joseph
D:10:     layout_basic, uniq_psyche
D:11:     layout_loops_ring, david_lair_shrubbed, gammafunk_ghost_cemetery,
          basic_altar
D:12:     layout_basic, minmay_misc_feat_enclosed, minmay_misc_feat_plants
D:13:     layout_irregular_city
D:14:     cheibrodos_body_horror, layout_grid_maze, david_vaults_5,
          serial_bayou_lagoon_a, portal_ice_cave_entry_ice_beasts,
          lemuel_tele_altar
Temple:   oiseaux_autumnal_temple

Skill      XL: |  1  2  3  4  5  6  7  8  9 10 11 12 |
---------------+-------------------------------------+-----
Translocations | 1 2 3 4 6 |  6.0
Fighting       | 1 2 3 4 5 |  5.0
Conjurations   | 5 6 7 9 10 11 13 14 | 14.2
Spellcasting   | 4 5 7 8 9 10 | 10.0
Staves         | 1 2 3 4 6 8 |  8.6
Poison Magic   | 2 3 |  3.0
Evocations     | 2 3 |  3.0
Throwing       | 2 3 |  3.0
Stealth        | 4 |  4.0
Transmutations | 1 |  1.0
Fire Magic     | 1 4 5 7 |  7.0
Dodging        | 4 5 |  5.0
Shields        | 2 3 |  3.0

Action                   |  1- 3 |  4- 6 |  7- 9 | 10-12 || total
-------------------------+-------+-------+-------+-------++-------
Melee: Unarmed           |     1 |       |       |       ||     1
       Staff             |     7 |    15 |    65 |   118 ||   205
Throw: Dart              |       |       |     7 |    92 ||    99
       Boomerang         |       |       |       |     2 ||     2
 Cast: Magic Dart        |    31 |    14 |    35 |    21 ||   101
       Searing Ray       |    27 |    26 |    51 |    68 ||   172
       Iskenderun's Myst |       |     8 |    27 |   137 ||   172
       Blink             |       |       |       |     3 ||     3
       Teleport Other    |       |       |       |     2 ||     2
       Olgreb's Toxic Ra |       |       |       |     7 ||     7
Evoke: Wand              |       |       |       |     1 ||     1
  Use: Scroll            |     5 |     2 |    13 |    12 ||    32
       Potion            |       |     2 |     4 |     5 ||    11
 Stab: Paralysed         |       |       |     1 |       ||     1
       Sleeping          |       |       |       |     1 ||     1
Armor: Robe              |     5 |     1 |    12 |    14 ||    32
       Steam dragon scal |       |       |       |    58 ||    58
       Skin              |       |       |       |     7 ||     7
Dodge: Dodged            |    27 |    22 |    73 |   151 ||   273
Block: Buckler           |       |       |       |    10 ||    10
